 Dungeon Crawl Stone Soup version 0.26-a0-215-g1b87330c0f (webtiles) character file.

Game seed: 2391122455256563801

161 BritishOli the Slasher (level 5, -1/40 HPs)
             Began as a Demonspawn Gladiator on July 6, 2020.
             Slain by an orc
             ... wielding a +2 short sword of venom
              (4 damage)
             ... on level 3 of the Dungeon.
             The game lasted 00:02:47 (2314 turns).

BritishOli the Slasher (Demonspawn Gladiator)       Turns: 2314, Time: 00:02:47

Health: -1/40      AC:  4    Str: 15    XL:     5   Next: 19%
Magic:  5/5        EV: 15    Int: 10    God:
Gold:   155        SH:  0    Dex: 14    Spells: 4/4 levels left

rFire    + . .     SeeInvis .   a - +0 long sword
rCold    . . .     Faith    .   (no shield)
rNeg     . . .     Spirit   .   b - +0 leather armour
rPois    .         Reflect  .   c - +0 helmet
rElec    .         Harm     .   (no cloak)
rCorr    .                      (no gloves)
MR       .....                  (no boots)
Stlth    +.........             (no amulet)
HPRegen  0.13/turn              (no ring)
MPRegen  0.09/turn              (no ring)

@: lethally poisoned (-1 -> -28)
A: hooves 1, repulsion field 1, fire resistance 1
a: no special abilities


You were on level 3 of the Dungeon.
You were not hungry.

You visited 1 branch of the dungeon, and saw 3 of its levels.

You collected 155 gold pieces.

Inventory:

Hand Weapons
 a - a +0 long sword (weapon)
Missiles
 d - 4 throwing nets (quivered)
Armour
 b - a +0 leather armour (worn)
 c - a +0 helmet (worn)
Scrolls
 h - a scroll of teleportation {unknown}
 i - a scroll of immolation {unknown}
 j - a scroll of remove curse {unknown}
 k - 2 scrolls of amnesia {unknown}
 l - 2 scrolls of fear {unknown}
Potions
 e - 3 potions of heal wounds {unknown}
 g - a potion of stabbing {unknown}
 m - 3 potions of curing {unknown}
 n - a potion of mutation {unknown}
 o - a potion of brilliance {unknown}
Comestibles
 f - 7 rations


   Skills:
 + Level 2.9 Fighting
 * Level 4.0 Long Blades
 - Level 2.0 Throwing
 + Level 1.6 Armour
 + Level 3.3 Dodging


You had 4 spell levels left.
You didn't know any spells.
Your spell library was empty.

Dungeon Overview and Level Annotations

Branches:
Dungeon (3/15)

Altars:


Innate Abilities, Weirdness & Mutations

You have large cloven feet.
You are surrounded by a mild repulsion field. (EV +2)
Your flesh is heat resistant. (rF+)


Message History

You are lethally poisoned!
The orc priest closely misses you.
You riposte.
You barely miss the orc priest. Your kick misses the orc priest.
The orc priest is severely wounded.
You barely miss the orc priest. Your kick misses the orc priest.
The orc priest is severely wounded.
You feel sick.
The orc hits you with a +2 short sword of venom.
* * * LOW HITPOINT WARNING * * *
The orc priest misses you.
You hit the orc priest.
The orc priest is almost dead.
* * * LOW HITPOINT WARNING * * *
You feel sick.
The orc hits you with a +2 short sword of venom!
* * * LOW HITPOINT WARNING * * *
You are more poisoned.
The orc priest barely misses you.
The orc hits you with a +2 short sword of venom.
You die...

.......<....# ##
+############# #. ....
#. .... #. ...## #.
#...###### #† #...#....#
####.
#...#....########.)..
+..o@....'.<....+....
#..o#....########....
#...#....# #.......
.....#....# #.......
...?...#....#####.......
....####............###.
.... ####........## #.
... #........# #.
#........# #.


You could see an orc priest and an orc.

Vanquished Creatures
  An orc wizard (D:3)
  Terence (D:3)
  5 adders
  2 oozes
  A worm (D:2)
  2 dart slugs
  2 giant cockroaches (D:2)
  4 goblins (D:2)
  8 hobgoblins
  2 jackals (D:2)
  A quokka (D:2)
  5 bats
  5 frilled lizards
  6 kobolds
  7 rats
52 creatures vanquished.

Notes
Turn   | Place    | Note
-------+----------+-------------------------------------------
     0 | D:1      | BritishOli the Demonspawn Gladiator began the quest for the
                  | Orb.
     0 | D:1      | Reached XP level 1. HP: 16/16 MP: 1/1
   140 | D:1      | Gained mutation: You are surrounded by a mild repulsion
                  | field. (EV +2) [demonic ancestry]
   140 | D:1      | Reached XP level 2. HP: 22/22 MP: 2/2
   370 | D:1      | Reached skill level 3 in Long Blades
   858 | D:2      | Gained mutation: Your flesh is heat resistant. (rF+)
                  | [demonic ancestry]
   858 | D:2      | Reached XP level 3. HP: 27/27 MP: 3/3
  1254 | D:2      | Reached skill level 1 in Armour
  1551 | D:2      | Gained mutation: You have large cloven feet. [demonic
                  | ancestry]
  1551 | D:2      | Reached XP level 4. HP: 33/34 MP: 4/4
  1955 | D:3      | Noticed Terence
  1964 | D:3      | Killed Terence
  2309 | D:3      | Reached skill level 4 in Long Blades
  2309 | D:3      | Reached XP level 5. HP: 40/40 MP: 5/5
  2314 | D:3      | Slain by an orc

Illustrated notes

Levels and vault maps discovered:
D:1:      mrwooster_arrival_statue_2, layout_loops_ring
D:2:      layout_loops_ring, first_ration, minmay_quadrilaterals
D:3:      layout_basic, lemuel_round_altar, lightli_temple_of_fire,
          uniq_terence, uniq_natasha

Skill      XL: |  1  2  3  4 |
---------------+-------------+-----
Long Blades    | 3 4 |  4.0
Throwing       | 2 |  2.0
Dodging        | 3 |  3.3
Armour         | 1 |  1.6
Fighting       | |  2.9

Action                   |  1- 3 |  4- 6 || total
-------------------------+-------+-------++-------
Melee: Long sword        |    98 |    43 ||   141
       Kick              |       |    14 ||    14
 Stab: Sleeping          |     1 |       ||     1
  Eat: Ration            |     1 |     1 ||     2
Armor: Leather armour    |    17 |     4 ||    21
Dodge: Dodged            |    89 |    41 ||   130
       Rpst.: Long sword |    29 |    12 ||    41

Table legend:
 A = Non-vault XP
 B = Vault XP
 C = Vault XP percentage of total XP
 D = Non-vault monster count
 E = Vault monster count
 F = Vault count percentage of total count
                 A         B        C        D         E       F
            +---------+---------+-------+---------+---------+-------
      Total |     190 |      41 |  17.7 |      48 |       4 |   7.7
            +---------+---------+-------+---------+---------+-------
        D:1 |      28 |       0 |   0.0 |      15 |       0 |   0.0
        D:2 |      76 |       5 |   6.2 |      26 |       3 |  10.3
        D:3 |      86 |      36 |  29.5 |       7 |       1 |  12.5
            +---------+---------+-------+---------+---------+-------
